 Dungeon Crawl Stone Soup version 0.26.1-11-gd32895ea62 (webtiles) character file.

Game seed: 8842198042976234387

1829 Zeld the Skirmisher (level 8, -2/70 HPs)
             Began as a Demigod Fighter on Sept 7, 2021.
             Killed from afar by an electric eel (12 damage)
             ... with a bolt of electricity
             ... on level 6 of the Dungeon.
             The game lasted 00:17:11 (9298 turns).

Zeld the Skirmisher (Demigod Fighter)               Turns: 9298, Time: 00:17:12

Health: -2/70      AC: 13    Str: 23    XL:     8   Next: 56%
Magic:  10/10      EV: 10    Int: 12    God:
Gold:   344        SH: 11    Dex: 15    Spells: 7/7 levels left

rFire    . . .     SeeInvis .   a - +0 war axe
rCold    . . .     Faith    .   c - +0 kite shield
rNeg     . . .     Spirit   .   b - +0 scale mail
rPois    .         Reflect  .   n - +1 helmet
rElec    .         Harm     .   H - +0 cloak
rCorr    .         Rampage  .   (no gloves)
Will     .....                  x - +2 pair of boots
Stlth    ..........             (no amulet)
HPRegen  0.21/turn              (no ring)
MPRegen  0.12/turn              (no ring)

@: no status effects
A: high mp 1
a: no special abilities


You were on level 6 of the Dungeon.
You visited 2 branches of the dungeon, and saw 7 of its levels.

You collected 344 gold pieces.

Inventory:

Hand Weapons
 a - a +0 war axe (weapon)
Missiles
 i - 202 stones (quivered)
 r - 41 poisoned darts
 s - 6 boomerangs
 y - 8 javelins
Armour
 b - a +0 scale mail (worn)
 c - a +0 kite shield (worn)
 n - a +1 helmet (worn)
 x - a +2 pair of boots (worn)
 H - a +0 cloak (worn)
Jewellery
 g - a cursed ring of teleportation {unknown}
 o - a +6 ring of dexterity {unknown}
 t - an uncursed amulet of regeneration {unknown}
 w - a cursed ring of teleportation {unknown}
 z - an uncursed ring of flight {unknown}
 J - an uncursed ring of resist corrosion
Wands
 F - a wand of flame (12)
Scrolls
 e - 5 scrolls of identify {unknown}
 h - 6 scrolls of blinking {unknown}
 j - 3 scrolls of enchant weapon {unknown}
 m - 3 scrolls of immolation {unknown}
 p - 3 scrolls of remove curse {unknown}
 u - 4 scrolls of amnesia {unknown}
 B - 4 scrolls of teleportation {unknown}
 D - 2 scrolls of fear {unknown}
 E - a scroll of torment {unknown}
 I - a scroll of fog {unknown}
 K - a scroll of random uselessness {unknown}
Potions
 d - 3 potions of might
 f - a potion of heal wounds {unknown}
 k - 3 potions of curing {unknown}
 l - a potion of degeneration {unknown}
 q - a potion of haste {unknown}
 v - a potion of mutation {unknown}
 A - a potion of resistance {unknown}
 C - a potion of berserk rage
 G - a potion of flight {unknown}


   Skills:
 * Level 5.7 Fighting
 * Level 5.1 Axes
 + Level 3.1 Throwing
 + Level 4.3 Armour
 + Level 3.2 Dodging
 * Level 5.6 Shields


You had 7 spell levels left.
You didn't know any spells.
Your spell library was empty.

Dungeon Overview and Level Annotations

Branches:
Dungeon (6/15)             Temple (1/1) D:6


Innate Abilities, Weirdness & Mutations

You have an increased reservoir of magic. (+10% MP)


Message History

The bolt of electricity hits you!
The electric eel shoots out a bolt of lightning at you!
The bolt of electricity hits you!
You hit the electric eel but do no damage.
The electric eel shoots out a bolt of lightning at you!
The bolt of electricity hits you!
There are monsters nearby!
There are monsters nearby!
The electric eel shoots out a bolt of lightning at you!
The bolt of electricity hits you!
* * * LOW HITPOINT WARNING * * *
The electric eel shoots out a bolt of lightning at you!
The bolt of electricity hits you.
* * * LOW HITPOINT WARNING * * *
The electric eel shoots out a bolt of lightning at you!
The bolt of electricity hits you!
* * * LOW HITPOINT WARNING * * *
The electric eel shoots out a bolt of lightning at you!
The bolt of electricity hits you!
You die...

#.......####.....≈....≈≈.......
#..........#.....≈..≈≈..≈......
###...........#.....≈≈....≈...
#........(.............⌠≈≈....
##....................≈≈⌠.....
###..........###....≈.o..≈≈...
#......#.#####....;..≈≈..≈. .
##....#...##.#......≈≈....≈. #.
##.....#..###..@.........≈≈.. #.
#...........#...........≈≈....#.
###......##.#....###≈≈≈≈≈≈###...
#........##.....#.###≈≈≈≈####...
#.....<.####..##....######.##...
##........##...##............##..
..........##...##............#...
#...##.....##..##...............#
#.........####................#.#


You could see an electric eel and an orc.

Vanquished Creatures
  A yak (D:4)
  An ice beast (D:5)
  A sky beast (D:5)
  An orc warrior (D:5)
  An ogre (D:5)
  A phantom (D:4)
  2 centaurs
  A bullfrog (D:6)
  2 scorpions
  3 howler monkeys
  2 hounds (D:6)
  A gnoll shaman (D:4)
  2 jellies (D:5)
  4 orc wizards
  2 centaur skeletons
  Terence (D:2)
  2 iguanas (D:5)
  4 worker ants
  6 gnolls
  10 adders
  3 shadow imps (D:6)
  A white imp (D:6)
  2 ufetubi (D:5)
  2 adder zombies
  A worm (D:5)
  2 dart slugs (D:2)
  5 leopard geckos
  10 orcs
  3 bats
  2 giant cockroaches
  11 goblins
  5 hobgoblins
  15 jackals
  A quokka (D:6)
  2 ball pythons
  2 frilled lizards
  6 kobolds
  A leopard gecko skeleton (D:4)
  2 rats
124 creatures vanquished.

Notes
Turn   | Place    | Note
-------+----------+-------------------------------------------
     0 | D:1      | Zeld the Demigod Fighter began the quest for the Orb.
     0 | D:1      | Reached XP level 1. HP: 18/18 MP: 3/3
   514 | D:1      | Reached XP level 2. HP: 25/25 MP: 4/4
  1156 | D:2      | Found a sacrificial altar of Ru.
  1170 | D:2      | Found a burning altar of Makhleb.
  1218 | D:2      | Reached XP level 3. HP: 27/31 MP: 5/5
  1729 | D:2      | Noticed Terence
  1744 | D:2      | Killed Terence
  1745 | D:2      | Reached XP level 4. HP: 35/38 MP: 6/6
  1874 | D:2      | Found a glowing silver altar of Zin.
  1910 | D:2      | Found a broken altar of Ashenzari.
  2626 | D:3      | Reached skill level 1 in Dodging
  2759 | D:4      | Reached XP level 5. HP: 26/45 MP: 7/7
  2789 | D:4      | Noticed a phantom
  3000 | D:4      | Killed a phantom
  3001 | D:4      | Reached skill level 1 in Throwing
  3240 | D:4      | Reached XP level 6. HP: 52/52 MP: 8/8
  3505 | D:4      | Found a sparkling altar of Nemelex Xobeh.
  4394 | D:5      | Entered Level 5 of the Dungeon
  4863 | D:5      | Reached XP level 7. HP: 60/60 MP: 9/9
  5803 | D:6      | Found an opulent altar of Gozag.
  6004 | D:5      | Reached skill level 5 in Fighting
  6004 | D:5      | Reached skill level 5 in Shields
  6008 | D:5      | Reached XP level 8. HP: 40/68 MP: 10/10
  7956 | D:4      | Found a sparkling altar of Nemelex Xobeh.
  8722 | D:6      | Found a staircase to the Ecumenical Temple.
  8740 | D:6      | Reached skill level 5 in Axes
  8775 | Temple   | Entered the Ecumenical Temple
  9204 | D:6      | Found a glowing silver altar of Zin.
  9204 | D:6      | Found a broken altar of Ashenzari.
  9206 | D:6      | Found an iron altar of Okawaru.
  9206 | D:6      | Found a shimmering altar of Xom.
  9206 | D:6      | Found a shadowy altar of Dithmenos.
  9298 | D:6      | Killed from afar by an electric eel

Illustrated notes

Levels and vault maps discovered:
D:1:      dpeg_arrival_round_c, layout_basic
D:2:      layout_basic, zin_statuary, general_overflow_altar,
          amethyst_overflow_temple_binary, hangedman_decor_clover_reticule,
          minmay_small_reverse_x, uniq_terence
D:3:      layout_basic
D:4:      layout_layer_cave, kennysheep_mini_moat
D:5:      layout_loops_ring
D:6:      cheibrodos_helix_gallery, layout_cave_pools,
          minmay_temple_entry_glass, doesnt_xom_only_xom
Temple:   nicolae_temple_hex_pool

Skill      XL: |  1  2  3  4  5  6  7  8 |
---------------+-------------------------+-----
Axes           | 2 3 4 5 |  5.1
Shields        | 3 4 5 |  5.6
Fighting       | 3 4 5 |  5.7
Armour         | 3 4 |  4.3
Dodging        | 1 2 3 |  3.2
Throwing       | 1 2 3 |  3.1

Action                   |  1- 3 |  4- 6 |  7- 9 || total
-------------------------+-------+-------+-------++-------
Melee: War axe           |    96 |   148 |   243 ||   487
Throw: Dart              |       |       |     5 ||     5
Armor: Scale mail        |    53 |    76 |   132 ||   261
Dodge: Dodged            |    33 |    52 |   127 ||   212
Block: Kite shield       |    77 |    84 |   210 ||   371
